 Dungeon Crawl Stone Soup version 0.26-a0-639-g72c4674329 (webtiles) character file.

Game seed: 6157911933606199681

298 Kaptain the Magician (level 6, -1/39 HPs)
             Began as an Octopode Hedge Wizard on Sept 16, 2020.
             Shot with an arrow by a centaur (9 damage)
             ... on level 4 of the Dungeon.
             The game lasted 00:13:17 (2960 turns).

Kaptain the Magician (Octopode Hedge Wizard)        Turns: 2960, Time: 00:13:17

Health: -1/39      AC:  1    Str: 10    XL:     6   Next: 36%
Magic:  2/12       EV: 13    Int: 18    God:
Gold:   223        SH:  0    Dex: 11    Spells: 5/13 levels left

rFire    . . .     SeeInvis .   j - +0 short sword
rCold    . . .     Faith    .   (no shield)
rNeg     . . .     Spirit   .   b - +0 hat
rPois    .         Reflect  .   e - amulet of regeneration
rElec    .         Harm     .   (no ring)
rCorr    .         Rampage  .   (no ring)
MR       .....                  (no ring)
Stlth    +++.......             (no ring)
HPRegen  0.53/turn              (no ring)
MPRegen  0.13/turn              (no ring)
                                (no ring)
                                (no ring)

@: no status effects
A: almost no armour, stealthy swim, amphibious, 8 rings, constrict 8, camouflage
1, gelatinous body 1
a: no special abilities


You were on level 4 of the Dungeon.
You visited 1 branch of the dungeon, and saw 4 of its levels.

You collected 223 gold pieces.

Inventory:

Hand Weapons
 j - a +0 short sword (weapon)
Armour
 b - a +0 hat (worn)
 f - a +0 buckler
Jewellery
 e - an amulet of regeneration (around mantle)
Wands
 o - a wand of polymorph (6)
Scrolls
 a - a scroll of magic mapping {unknown}
 c - 7 scrolls of identify {unknown}
 d - 3 scrolls of blinking {unknown}
 h - a scroll of amnesia {unknown}
 i - a scroll of enchant weapon {unknown}
 l - 3 scrolls of teleportation {unknown}
 m - a scroll of noise {unknown}
 n - 2 scrolls of remove curse {unknown}
Potions
 g - a potion of heal wounds
 k - a potion of haste {unknown}
 p - a potion of cancellation {unknown}
 q - 2 potions of curing
 r - a potion of degeneration {unknown}
 s - a potion of mutation {unknown}
 t - a potion of lignification {unknown}


   Skills:
 + Level 2.1 Fighting
 - Level 2.0 Dodging
 + Level 4.0 Stealth
 + Level 2.0 Shields
 * Level 4.2 Spellcasting
 * Level 3.4 Conjurations
 - Level 1.0 Summonings
 - Level 1.0 Translocations


You had 5 spell levels left.
You knew the following spells:

 Your Spells              Type           Power        Failure   Level
a - Magic Dart            Conj           ###.         3%          1
b - Blink                 Tloc           N/A          14%         2
c - Call Imp              Summ           #.......     14%         2
d - Mephitic Cloud        Conj/Pois/Air  #.......     26%         3

Your spell library contained the following spells:

 Spells                   Type           Power        Failure   Level
 Slow                     Hex            #.......     22%         2
 Conjure Flame            Conj/Fire      #.......     22%         3


Dungeon Overview and Level Annotations

Branches:
Dungeon (4/15)
 Temple: D:4-7

Altars:
Dithmenos
Ru
Zin


Innate Abilities, Weirdness & Mutations

You cannot wear most types of armour.
You are very stealthy in the water. (Stealth+)
You are amphibious.
You can wear up to eight rings at the same time.
You can use your tentacles to constrict eight enemies at once.
Your skin changes colour to match your surroundings (Stealth+).
Your rubbery body absorbs attacks. (AC +1, EV +1)


Message History

Casting: Magic Dart (safe; 3% risk of failure)
Confirm with . or Enter, or press ? or * to list all spells.
The spell is quite dangerous to cast (26% risk of failure)!
Continue anyway?
Press: ? - help, Shift-Dir - straight line, p - centaur The ball explodes into a vile cloud!
The stinking cloud engulfs the centaur but does no damage.
The centaur is moderately wounded.
The centaur shoots an arrow.
The arrow barely misses you.
Unknown command.
Casting: Mephitic Cloud (quite dangerous; 26% risk of failure)
Confirm with . or Enter, or press ? or * to list all spells.
Aiming: Magic Dart (safe; 3% risk of failure)
Press: ? - help, Shift-Dir - straight line, f - centaur
Aim: a centaur, wielding a +0 shortbow and quivering 26 arrows (moderately wounded)
The magic dart hits the centaur but does no damage.
The centaur is moderately wounded.
The centaur shoots an arrow.
The arrow hits you!
* * * LOW HITPOINT WARNING * * *
The centaur shoots an arrow.
The arrow hits you!
You die...

#....#....##
#..........#
#...c○.....###.#
#...☼○..........
.(..☼°..........
....5..........
....?........##
.......@.5....##
.......(.......# .
....##..(......##..
...................
.....#.......#.....
....##...##.##..#
...#.###........#
.........†...##.##
.. ###............


You could see a centaur and 2 friendly crimson imps.

Vanquished Creatures
  An orc priest (D:4)
  Terence (D:3)
  An orc wizard (D:4)
  Natasha (thrice) (D:2)
  2 worker ants (D:4)
  4 adders
  An ooze (D:2)
  A worm (D:2)
  A dart slug (D:1)
  4 orcs
  4 giant cockroaches
  6 goblins
  7 hobgoblins
  4 kobolds
  2 quokkas
  3 bats
  5 frilled lizards
  A leopard gecko skeleton (D:4)
  8 rats
59 creatures vanquished.

Notes
Turn   | Place    | Note
-------+----------+-------------------------------------------
     0 | D:1      | Kaptain the Octopode Hedge Wizard began the quest for the
                  | Orb.
     0 | D:1      | Reached XP level 1. HP: 11/11 MP: 4/4
   357 | D:1      | Reached XP level 2. HP: 17/17 MP: 4/6
   719 | D:2      | Reached XP level 3. HP: 22/22 MP: 0/7
  1018 | D:2      | Noticed Natasha
  1025 | D:2      | Killed Natasha
  1025 | D:2      | Reached skill level 1 in Fighting
  1025 | D:2      | Reached XP level 4. HP: 19/28 MP: 0/9
  1028 | D:2      | Reached skill level 1 in Shields
  1069 | D:2      | Noticed Natasha
  1080 | D:2      | Killed Natasha
  1211 | D:2      | Noticed Natasha
  1219 | D:2      | Killed Natasha
  1411 | D:2      | Reached XP level 5. HP: 24/33 MP: 5/10
  1499 | D:2      | Found a shadowy altar of Dithmenos.
  1570 | D:2      | Found a glowing silver altar of Zin.
  1606 | D:3      | Noticed Terence
  1919 | D:2      | Learned a level 2 spell: Blink
  1922 | D:2      | Learned a level 2 spell: Call Imp
  1926 | D:2      | Learned a level 3 spell: Mephitic Cloud
  1961 | D:3      | Killed Terence
  2589 | D:4      | Reached XP level 6. HP: 29/39 MP: 7/12
  2842 | D:4      | Found a sacrificial altar of Ru.
  2960 | D:4      | Shot with an arrow by a centaur

Illustrated notes

Levels and vault maps discovered:
D:1:      minmay_arrival_radiant_lines, layout_basic
D:2:      layout_rooms, zin_academy, old_standard_altar, uniq_natasha
D:3:      layout_rooms, minmay_crystal_room, uniq_terence
D:4:      layout_cave_pools, minitemple, grunt_temple_overflow_open,
          ebering_ghost_sewer_f, nicolae_qazlal_style_of_elements

Skill      XL: |  1  2  3  4  5  6 |
---------------+-------------------+-----
Stealth        | 3 4 |  4.0
Fighting       | 1 2 |  2.1
Conjurations   | 2 3 |  3.4
Shields        | 1 2 |  2.0
Spellcasting   | 4 |  4.2
Dodging        | |  2.0
Summonings     | |  1.0
Translocations | |  1.0

Action                   |  1- 3 |  4- 6 || total
-------------------------+-------+-------++-------
Melee: Dagger            |     5 |       ||     5
       Tentacles         |     6 |     6 ||    12
       Constrict         |     6 |     7 ||    13
       Short sword       |    13 |    31 ||    44
 Cast: Magic Dart        |    51 |   128 ||   179
       Call Imp          |       |     4 ||     4
       Mephitic Cloud    |       |     1 ||     1
  Use: Potion            |       |     1 ||     1
 Stab: Sleeping          |     1 |     1 ||     2
Armor: Skin              |     2 |     2 ||     4
Dodge: Dodged            |    10 |    26 ||    36
Block: Buckler           |       |     7 ||     7

Table legend: (Time is in decaauts)
 A = Elapsed time spent in this place.
 B = Non-inter-level travel time spent in this place.
 C = Inter-level travel time spent in this place.
 D = Time resting spent in this place.
 E = Time spent auto-exploring this place.
 F = Levels seen in this place.
 G = Mean time per level.
                   A        B        C        D        E       F      G
               +--------+--------+--------+--------+--------+-----+--------+
         Total |   2975 |   2875 |    100 |   1124 |   1216 |   4 |  743.8 |
       Dungeon |   2975 |   2875 |    100 |   1124 |   1216 |   4 |  743.8 |
               +--------+--------+--------+--------+--------+-----+--------+

Top non-repeatable levels by time:
     D:2: 1009 daAuts
     D:3: 941 daAuts
     D:1: 706 daAuts
     D:4: 317 daAuts
